 Dungeon Crawl Stone Soup version 0.20-a0-303-g575bbf7 (webtiles) character file.

16316 snakesoul the Bewitcher (level 12, -8/74 HPs)
             Began as a Vampire Enchanter on Dec 17, 2016.
             Was a High Priest of Dithmenos.
             Mangled by a white ugly thing (10 damage)
             ... on level 11 of the Dungeon.
             The game lasted 00:31:21 (13071 turns).

snakesoul the Bewitcher (Vampire Enchanter)        Turns: 13071, Time: 00:31:22

Health: -8/74      AC:  8    Str:  7    XL:     12   Next: 9%
Magic:  25/41      EV: 18    Int: 20    God:    Dithmenos [*****.]
Gold:   550        SH:  0    Dex: 20    Spells: 12/26 levels left

rFire  . . .     SeeInvis +     w - +5 dagger (elec)
rCold  + . .     Gourm    .     b - +1 robe
rNeg   + + .     Faith    .     (no shield)
rPois  +         Spirit   .     s - +0 helmet of the Nightingale {MR+ MP+9 Int+3}
rElec  +         Reflect  .     t - +2 cloak
rCorr  .         Harm     .     m - +0 pair of gloves
MR     ++...                    (no boots)
Stlth  ++++++++++               (no amulet)
                                p - ring of magical power
                                (no ring)

@: marked, regenerating slowly, wreathed by umbra
A: fangs 3, see invisible, electricity resistance, unbreathing
a: Bat Form, Shadow Step, Shadow Form, Renounce Religion


You were on level 11 of the Dungeon.
You worshipped Dithmenos.
Dithmenos was extremely pleased with you.
You were near bloodless.

You visited 2 branches of the dungeon, and saw 12 of its levels.
You also visited: Ossuary.

You collected 550 gold pieces.

Inventory:

Hand Weapons
 w - a +5 dagger of electrocution (weapon)
Armour
 b - a +1 robe (worn)
 m - a +0 pair of gloves (worn)
 s - the +0 helmet of the Nightingale (worn) {MR+ MP+9 Int+3}
   (You found it on level 9 of the Dungeon)

   It affects your intelligence (+3).
   It affects your resistance to hostile enchantments.
   It affects your magic capacity (+9).
 t - a +2 cloak (worn)
Jewellery
 p - a ring of magical power (right hand)
Scrolls
 a - 3 scrolls of blinking
 c - 4 scrolls of teleportation
 f - a scroll of vulnerability {unknown}
 h - 9 scrolls of remove curse
 j - a scroll of fear
 k - a scroll of fog
 l - 4 scrolls of magic mapping
 o - 3 scrolls of enchant weapon {unknown}
 q - 4 scrolls of identify
 r - 4 scrolls of enchant armour
 A - a scroll of silence
 E - a scroll of holy word {unknown}
 F - a scroll of recharging
Potions
 d - 16 potions of blood
 e - 2 potions of might
 g - 9 potions of curing
 i - 2 potions of cure mutation
 n - 2 potions of flight
 u - 3 potions of ambrosia
 v - 3 potions of brilliance
 z - 2 potions of haste
 B - 3 potions of cancellation
 D - a potion of resistance
 G - a potion of berserk rage
 I - 3 potions of agility
 K - a potion of heal wounds
Books
 x - a Young Poisoner's Handbook

   Spells                             Type                      Level
   a - Sting                          Conjuration/Poison           1
   b - Mephitic Cloud                 Conjuration/Poison/Air       3
   c - Olgreb's Toxic Radiance        Poison                       4
   d - Alistair's Intoxication        Transmutation/Poison         5
   e - Venom Bolt                     Conjuration/Poison           5
 y - a book of Minor Magic

   Spells                             Type                      Level
   a - Magic Dart                     Conjuration                  1
   b - Blink                          Translocation                2
   c - Call Imp                       Summoning                    2
   d - Repel Missiles                 Charms/Air                   2
   e - Slow                           Hexes                        2
   f - Conjure Flame                  Conjuration/Fire             3
   g - Mephitic Cloud                 Conjuration/Poison/Air       3
 C - a book of Frost

   Spells                             Type                      Level
   a - Freeze                         Ice                          1
   b - Throw Frost                    Conjuration/Ice              2
   c - Ozocubu's Armour               Charms/Ice                   3
   d - Throw Icicle                   Conjuration/Ice              4
   e - Summon Ice Beast               Ice/Summoning                4


   Skills:
 + Level 9.3 Short Blades
 + Level 8.0 Dodging
 + Level 13.3 Stealth
 + Level 7.9 Spellcasting
 * Level 16.1 Hexes


You had 12 spell levels left.
You knew the following spells:

 Your Spells              Type           Power        Failure   Level  Hunger
a - Corona                Hex            ######.      0%          1    None
b - Ensorcelled Hibernat  Hex/Ice        #####.       1%          2    None
c - Confuse               Hex            ######..     1%          3    None
d - Tukima's Dance        Hex            ######..     1%          3    None
e - Dazzling Spray        Conj/Hex       #####.       1%          3    None
f - Repel Missiles        Chrm/Air       #.....       17%         2    None


Dungeon Overview and Level Annotations

Branches:
Dungeon (11/15)            Temple (1/1) D:4            Lair (0/6) D:9
    Orc: D:9-12

Altars:
Cheibriados
Dithmenos
Elyvilon
Fedhas
Gozag
Hepliaklqana
Kikubaaqudgha
Makhleb
Nemelex Xobeh
Okawaru
Qazlal
Ru
Sif Muna
Trog
Uskayaw
Vehumet
Xom
Yredelemnul
The Shining One
Lugonu

Annotations:
D:11 Urug


Innate Abilities, Weirdness & Mutations

You heal slowly.
You have razor-sharp teeth.
You have supernaturally acute eyesight. (SInv)
You can survive without breathing.
You are resistant to electric shocks. (rElec)


Message History

The phantom misses you.
The worker ant zombie completely misses you.
Urug hits you but does no damage. The white ugly thing bites you!
The white ugly thing freezes you. You resist.
* * * LOW HITPOINT WARNING * * *
The worker ant zombie completely misses you.
Urug closely misses you. The scorpion misses you. The phantom misses you.
Found an escape hatch in the ceiling.
Found a stone staircase leading down.
The worker ant zombie closely misses you.
Urug hits you but does no damage.
Urug hits you from afar with a demon trident of flaming!
* * * LOW HITPOINT WARNING * * *
Urug burns you.
* * * LOW HITPOINT WARNING * * *
There is a stone staircase leading up here.
The worker ant zombie bites you but does no damage.
The white ugly thing bites you.
* * * LOW HITPOINT WARNING * * *
The white ugly thing freezes you! You resist.
You die...

#<....# #.....# #.....#
#.....# .### #..=.[#
....### #.....##
#>..#.##......#
###.....#....W##########
.........)....sZ@.......
...............u....<...
......)[......o.....>...
.#.#.####..†..####.##...
# #.)(..# ## .# #.....#
# #...†.# #....†#
#..)..#


You could see Urug, a white ugly thing, a phantom, a scorpion and a worker ant
zombie.

Vanquished Creatures
  4 two-headed ogres
  4 unseen horrors
  A deep elf mage (D:10)
  A komodo dragon (D:9)
  2 trolls
  A queen bee (D:8)
  A hornet (D:10)
  A hippogriff (D:9)
  Sigmund (D:3)
  2 shadows
  15 yaks
  A wyvern (D:11)
  A hungry ghost (D:10)
  Duvessa (D:4)
  5 orc warriors
  An eye of draining (D:9)
  4 sky beasts
  2 black bears
  3 phantoms
  An ice beast (D:10)
  6 ogres
  7 centaurs
  A big kobold (D:9)
  11 bullfrogs
  A gnoll sergeant (D:9)
  Dowan (D:4)
  3 scorpions
  A wight (D:7)
  15 killer bees (D:8)
  4 howler monkeys (D:7)
  9 electric eels (D:9)
  4 bullfrog zombies
  8 crimson imps
  3 centaur zombies
  A quasit (D:9)
  5 jellies
  Crazy Yiuf (D:3)
  5 hounds
  2 bullfrog skeletons
  7 orc priests
  A gnoll shaman (D:6)
  2 iguanas
  Terence (D:3)
  8 orc wizards
  Ijyb (D:3)
  Natasha (thrice) (D:3)
  10 worker ants
  4 ogre zombies (Ossuary)
  7 mummies (Ossuary)
  A hound skeleton (D:8)
  8 gnolls
  A howler monkey skeleton (D:4)
  6 adders
  4 shadow imps
  An ooze (D:4)
  4 adder skeletons
  An adder zombie (Ossuary)
  A worm (D:5)
  3 dart slugs
  6 leopard geckos
  40 orcs
  3 ball pythons
  6 giant cockroaches
  5 goblins
  4 hobgoblins
  6 jackals
  9 kobolds
  3 quokkas
  2 bats (D:3)
  4 frilled lizards
  7 goblin zombies (Ossuary)
  4 hobgoblin zombies (Ossuary)
  A jackal skeleton (D:5)
  2 kobold zombies (Ossuary)
  4 quokka zombies (Ossuary)
  7 rats
  7 rat zombies (Ossuary)
  A fungus (D:3)
  A plant (D:9)
336 creatures vanquished.

Vanquished Creatures (others)
  A leopard gecko skeleton (D:4)
  A plant (D:9)
2 creatures vanquished.

Grand Total: 338 creatures vanquished

Notes
Turn   | Place    | Note
-------+----------+-------------------------------------------
     0 | D:1      | snakesoul the Vampire Enchanter began the quest for the Orb.
     0 | D:1      | Reached XP level 1. HP: 13/13 MP: 3/3
   151 | D:1      | Reached XP level 2. HP: 19/19 MP: 5/5
   155 | D:1      | Learned a level 2 spell: Ensorcelled Hibernation
   826 | D:1      | Reached skill level 5 in Hexes
  1062 | D:2      | Found a sparkling altar of Nemelex Xobeh.
  1367 | D:2      | Reached XP level 3. HP: 22/24 MP: 3/6
  1872 | D:3      | Found a stormy altar of Qazlal.
  1872 | D:3      | Found a burning altar of Makhleb.
  1878 | D:3      | Found an opulent altar of Gozag.
  1994 | D:3      | Noticed Ijyb
  2000 | D:3      | Reached skill level 5 in Stealth
  2002 | D:3      | Killed Ijyb
  2002 | D:3      | Reached XP level 4. HP: 30/30 MP: 7/7
  2041 | D:3      | Noticed Natasha
  2048 | D:3      | Killed Natasha
  2057 | D:3      | Reached skill level 6 in Hexes
  2062 | D:3      | Reached XP level 5. HP: 35/35 MP: 9/9
  2191 | D:3      | Noticed Terence
  2198 | D:3      | Killed Terence
  2217 | D:3      | Noticed Sigmund
  2234 | D:3      | Killed Sigmund
  2234 | D:3      | Reached skill level 7 in Hexes
  2234 | D:3      | Reached XP level 6. HP: 41/41 MP: 11/11
  2751 | D:3      | Found a runed door.
  2755 | D:3      | Noticed Crazy Yiuf
  2759 | D:3      | Killed Crazy Yiuf
  2873 | D:4      | Found a staircase to the Ecumenical Temple.
  2880 | Temple   | Entered the Ecumenical Temple
  2891 | Temple   | Became a worshipper of Dithmenos the Shadowed
  2968 | D:4      | Found a glowing golden altar of the Shining One.
  3697 | D:3      | Noticed Natasha
  3712 | D:3      | Killed Natasha
  3719 | D:3      | Noticed Natasha
  3723 | D:3      | Killed Natasha
  3723 | D:3      | Reached skill level 8 in Hexes
  3723 | D:3      | Reached XP level 7. HP: 46/46 MP: 8/12
  4217 | D:4      | Found an iron altar of Okawaru.
  4233 | D:4      | Noticed Dowan
  4234 | D:4      | Noticed Duvessa
  4243 | D:4      | Killed Duvessa
  4245 | D:4      | Killed Dowan
  4342 | D:4      | Found a basalt altar of Yredelemnul.
  4458 | D:4      | Noticed an angel
  4493 | D:5      | Entered Level 5 of the Dungeon
  4532 | D:5      | Reached skill level 9 in Hexes
  4652 | D:5      | Found a shimmering altar of Xom.
  4706 | D:5      | Reached * piety under Dithmenos
  4823 | D:5      | Reached XP level 8. HP: 52/52 MP: 14/14
  4869 | D:5      | Learned a level 3 spell: Confuse
  5124 | D:5      | Reached skill level 10 in Hexes
  5166 | D:5      | Learned a level 3 spell: Tukima's Dance
  5170 | D:5      | Learned a level 3 spell: Dazzling Spray
  5592 | D:6      | Found a sand-covered staircase.
  5627 | Ossuary  | Entered an ossuary
  5748 | Ossuary  | Reached ** piety under Dithmenos
  5932 | Ossuary  | Reached skill level 5 in Short Blades
  6250 | D:6      | Found a sacrificial altar of Ru.
  6361 | D:6      | Reached skill level 5 in Spellcasting
  6434 | D:6      | Reached skill level 11 in Hexes
  6574 | D:6      | Found a bloodstained altar of Trog.
  6662 | D:6      | Reached *** piety under Dithmenos
  6662 | D:6      | Reached XP level 9. HP: 54/57 MP: 16/16
  6727 | D:6      | Noticed an unseen horror
  6742 | D:6      | Killed an unseen horror
  6951 | D:6      | Reached skill level 12 in Hexes
  7923 | D:7      | Reached skill level 10 in Stealth
  7926 | D:7      | Reached skill level 5 in Dodging
  8027 | D:7      | Reached XP level 10. HP: 63/63 MP: 19/19
  8154 | D:7      | Found a deep blue altar of Sif Muna.
  8442 | D:7      | Reached skill level 13 in Hexes
  8592 | D:7      | Reached **** piety under Dithmenos
  8784 | D:7      | Gained mutation: You are resistant to electric shocks. (rElec) [potion of beneficial mutation]
  8843 | D:8      | Found a snail-covered altar of Cheibriados.
  9398 | D:8      | Reached skill level 14 in Hexes
  9720 | D:8      | Found a hazy altar of Hepliaklqana.
  9816 | D:9      | Noticed a two-headed ogre
  9828 | D:9      | Noticed a two-headed ogre
  9828 | D:9      | Killed a two-headed ogre
  9906 | D:9      | Reached XP level 11. HP: 68/68 MP: 21/21
 10545 | D:9      | Reached ***** piety under Dithmenos
 10605 | D:9      | Killed a two-headed ogre
 10641 | D:9      | Noticed a two-headed ogre
 10669 | D:9      | Killed a two-headed ogre
 10669 | D:9      | Reached skill level 15 in Hexes
 10771 | D:9      | Got a faintly humming helmet
 10800 | D:9      | Identified the +0 helmet of the Nightingale {MR+ MP+9 Int+3} (You found it on level 9 of the Dungeon)
 10918 | D:9      | Found a white marble altar of Elyvilon.
 11343 | D:9      | Found a staircase to the Lair.
 11779 | D:10     | Entered Level 10 of the Dungeon
 12892 | D:10     | Noticed a deep elf mage
 12903 | D:10     | Killed a deep elf mage
 12971 | D:10     | Learned a level 2 spell: Repel Missiles
 13015 | D:11     | Noticed an unseen horror
 13017 | D:11     | Killed an unseen horror
 13031 | D:11     | Noticed an unseen horror
 13040 | D:11     | Noticed an unseen horror
 13042 | D:11     | Killed an unseen horror
 13044 | D:11     | Killed an unseen horror
 13044 | D:11     | Reached skill level 16 in Hexes
 13044 | D:11     | Reached XP level 12. HP: 74/74 MP: 23/23
 13048 | D:11     | Noticed Urug
 13048 | D:11     | Noticed a two-headed ogre
 13055 | D:11     | Killed a two-headed ogre
 13070 | D:11     | HP: 3/74 [Urug/demon trident of flaming (15)]
 13071 | D:11     | Mangled by a white ugly thing

Vault maps used:
D:1:      minmay_arrival_nine_rooms
D:2:      nemelex_altar_shiori, minmay_misc_feat_tower
D:3:      minitemple, first_bread, hangedman_decor_opposing, uniq_sigmund,
          uniq_terence, uniq_natasha, uniq_crazy_yiuf_cottage, uniq_iyjb
D:4:      grunt_temple_overflow_holy_war, okawaru_trees_2, uniq_duvessa
D:5:      black_bear_nest_1, kennysheep_mini, item_on_display_a
D:6:      nicolae_ru_sacrificial_ziggurat, bloody_trog,
          nicolae_ossuary_entry_false_entrances, minmay_misc_feat_encased,
          minmay_divided_ellipse
D:7:      lemuel_doored_altar, kennysheep_generic_room_2
D:8:      marbit_many_paths, overflow_temple_1_default, david_nohive_1
D:9:      kennysheep_mini_moat, david_lair_shrubbed, serial_bayou,
          serial_bayou_pond_b, serial_bayou_shore_a, serial_bayou_pond_a,
          serial_bayou_lake_a, serial_bayou_pond_a, minivault_16,
          disabler_island
D:10:     minmay_librarian
D:11:     minivault_12, uniq_urug
Temple:   corrupted_temple
Ossuary:  ossuary_boxes_badplayer

Skill      XL: |  1  2  3  4  5  6  7  8  9 10 11 12 |
---------------+-------------------------------------+-----
Hexes          | 5 6 7 8 9 11 12 14 16 | 16.1
Stealth        | 5 6 7 8 10 11 13 | 13.3
Short Blades   | 2 3 4 5 6 7 9 |  9.3
Spellcasting   | 3 4 5 6 7 |  7.9
Dodging        | 3 5 6 7 8 |  8.0

Action                   |  1- 3 |  4- 6 |  7- 9 | 10-12 || total
-------------------------+-------+-------+-------+-------++-------
Melee: Dagger            |    96 |    48 |   218 |   346 ||   708
       Bite              |     3 |     1 |    10 |    18 ||    32
 Cast: Ensorcelled Hiber |     4 |    19 |    47 |    94 ||   164
       Confuse           |       |       |     8 |     1 ||     9
       Repel Missiles    |       |       |       |     1 ||     1
 Abil: End Transformatio |       |     1 |       |       ||     1
       Bat Form          |       |     1 |       |       ||     1
  Use: Scroll            |     1 |       |       |    26 ||    27
       Potion            |       |     1 |     2 |     6 ||     9
 Stab: Sleeping          |    14 |    14 |    64 |   107 ||   199
       Distracted        |       |     1 |     2 |     5 ||     8
       Confused          |       |       |     3 |     1 ||     4
Armor: Robe              |    36 |    10 |    30 |    29 ||   105
Dodge: Dodged            |    57 |    26 |   139 |   182 ||   404
       Deflected         |       |       |       |     1 ||     1
